Unix NetHack Version 5.0.0-0 post-release - last build Jun 10 2026 00:39:30 (3ee93aec679c4c4259841fe613dc97188e26a321,branch:main).

Game began 2026-07-08 14:14:15, ended 2026-07-08 14:30:03.

DiePARTEI, neutral female human Tourist

                                                             ------
                                                            --..|.----
                            ------                          |....(.|<---
                           ...@..|               ------     |..>.......|
                          ..)---.|              --....---- --..........|
                          .. - |.|            ---........| |.........---  --
                          ..   |.|           --...(......| --......|.| ---.--
                               |.-------    --...---....--  -----..|.--|....|
                               |.......|    |...-| |....--      |..|...|....--
                               -------.|    |....---.....-------------.......--
                                     |.---- --....|...........................|
                                     |.^..---|..........-----------).........--
                                     ----...|--.........----      |.........--
                                        ---(|---.........|.--     ---.....---
                                         --.|............)..----    --.|..|
                                         |..|.----.............---   |.|..|
                                         |....|  |...............----|.|---
                                         ------  --..................|.--
                                                  |.......--.--.....|...|
                                                  -----.------ -..--|..--
                                                      ---       --- ----
DiePARTEI the Sightseer     St:15 Dx:10 Co:13 In:10 Wi:10 Ch:17  Neutral
Dlvl:3  $:901 HP:0(34) Pw:15(15) AC:7  Xp:4 T:1416  Blind

Latest messages:
 $ - 901 gold pieces.
 You descend the stairs.
 You try to feel what is lying here on the floor.
 You feel here a beartrap.
 Wait!  There's something there you can't see!
 You attack thin air.
 Wait!  There's something there you can't see!
 You feel an unseen monster!
 Wait!  There's something there you can't see!
 You feel an unseen monster!
 Really step onto that trap door? [yn] (n) y
 You escape a trap door.
 The '5' prefix should be followed by a movement command.
 It hits!
 You hit it.
 It hits!
 You kill it!
 It is hit!
 It is destroyed!
 It is hit!
 You feel an unseen monster!
 It just misses!
 It bites!
 It is hit!
 It is destroyed!
 You are hit!
 You miss it.
 You are hit!
 You are hit!
 What do you want to zap? [nv or ?*] n
 In what direction? 1
 You kill it!
 You feel an unseen monster!
 It hits!
 You try to feel what is lying here on the floor.
 You feel here 3 arrows.
 You feel an unseen monster!
 It hits!
 You stop searching.
 What do you want to zap? [nv or ?*] n
 In what direction? 4
 The magic missile hits it.
 The magic missile hits it!
 It hits!
 You die...
 Do you want your possessions identified? [ynq] (y) y
 Do you want to see your attributes? [ynq] (y) y
 Do you want an account of creatures vanquished? [ynaq] (y) y
 Do you want to see your conduct and achievements? [ynq] (y) y
 Do you want to see the dungeon overview? [ynq] (y) y

Inventory:
 Coins    ('$')
  $ - 901 gold pieces
 Weapons  (')')
  a - 32 +2 darts (at the ready)
  C - 6 +0 darts
 Armor    ('[')
  I - an uncursed +0 dwarvish iron helm (being worn)
  J - an uncursed rusty +0 pair of iron shoes (being worn)
  K - an uncursed +0 dwarvish cloak (being worn)
  j - a blessed burnt +0 Hawaiian shirt with a ukulele motif (being worn)
 Comestibles  ('%')
  d - 5 uncursed food rations
  e - 2 uncursed fortune cookies
  u - an uncursed lembas wafer
  z - an uncursed orange
  f - an uncursed pear
  b - 3 uncursed tripe rations
 Scrolls  ('?')
  N - a cursed scroll of destroy armor
  i - 2 uncursed scrolls of magic mapping
 Spellbooks  ('+')
  Q - an uncursed spellbook of cure sickness
 Rings    ('=')
  y - an uncursed ring of conflict
 Wands    ('/')
  n - a wand of magic missile (0:1)
  v - a wand of stasis (0:4)
 Tools    ('(')
  l - an uncursed credit card
  k - an expensive camera (0:54)
  H - an uncursed tallow candle
 Gems/Stones  ('*')
  r - an uncursed obsidian stone
  F - 3 uncursed worthless pieces of black glass
  G - an uncursed worthless piece of violet glass
  O - an uncursed worthless piece of white glass
  t - an uncursed worthless piece of yellowish brown glass

DiePARTEI the Tourist's attributes:

Background:
 You were a Sightseer, a level 4 female human Tourist.
 You were neutral, on a mission for The Lady
 who was opposed by Blind Io (lawful) and Offler (chaotic).
 You were left-handed.
 You were in the Gnomish Mines, on level 3.
 You entered the dungeon 1416 turns ago.
 You had 119 experience points, 41 more were needed to attain level 5.

Basics:
 You had 0 out of 34 hit points.
 You had all 15 energy points (spell power).
 Your armor class was 7.
 Your wallet contained 901 zorkmids.
 Autopickup was off.

Final Characteristics:
 Your strength was 15 (limit:18/100).
 Your dexterity was 10 (limit:18).
 Your constitution was 13 (limit:18).
 Your intelligence was 10 (limit:18).
 Your wisdom was 10 (limit:18).
 Your charisma was 17 (limit:18).

Final Status:
 You were temporarily blind.
 You weren't hungry.
 You were unencumbered.
 You were bare handed.
 You had basic skill with bare handed combat.

Final Attributes:
 You were devoutly aligned.
 Your items were somewhat protected from fire.
 Your items were somewhat protected from cold.
 You could recognize detrimental food.
 You were invisible.
 You were warded.
 You are dead.

Miscellaneous:
 You didn't encounter any bones levels.
 Total elapsed playing time was 15 minutes and 47 seconds.

Major events:
 Turn
    1: DiePARTEI the neutral female human Tourist entered the dungeon
  698: entered the Gnomish Mines
  850: attained the rank of Sightseer (level 3)
 1416: killed by a gnome lord

Spells:
 Name                 Level Category     Fail Retention
 slow monster           2   enchantment  100%  76%-100%
 detect monsters        1   divination    66%  76%-100%

Skills:
 Fighting Skills
   bare handed combat [Basic]
   two weapon combat  [Unskilled]
   riding             [Unskilled]
 Weapon Skills
   dagger             [Unskilled]
   knife              [Unskilled]
   axe                [Unskilled]
   pick-axe           [Unskilled]
   short sword        [Unskilled]
   broadsword         [Unskilled]
   long sword         [Unskilled]
   two-handed sword   [Unskilled]
   saber              [Unskilled]
   mace               [Unskilled]
   morning star       [Unskilled]
   flail              [Unskilled]
   hammer             [Unskilled]
   quarterstaff       [Unskilled]
   polearms           [Unskilled]
   spear              [Unskilled]
   trident            [Unskilled]
   lance              [Unskilled]
   bow                [Unskilled]
   sling              [Unskilled]
   crossbow           [Unskilled]
   dart               [Basic]
   shuriken           [Unskilled]
   boomerang          [Unskilled]
   whip               [Unskilled]
   unicorn horn       [Unskilled]
 Spellcasting Skills
   divination spells  [Unskilled]
   enchantment spells [Unskilled]
   escape spells      [Unskilled]

Voluntary challenges:
 Character rerolling was not enabled.
 You never hit with a wielded weapon.
 You never genocided any monsters.
 You never polymorphed an object.
 You never changed form.
 You used no wishes.
Achievements:
 You entered a shop.
 You entered the Gnomish Mines.
 You attained the rank of Sightseer.

 The Dungeons of Doom: levels 1 to 2
    Level 1:
       Some fountains.
    Level 2:
       A general store, an altar, some fountains.
       Stairs down to The Gnomish Mines.
 The Gnomish Mines: levels 3 to 5
    Level 3: <- You were here.
       Final resting place for
          you, killed by a gnome lord.
    Level 4:
    Level 5:


Vanquished creatures:
  a gnome leader
  3 dwarves
  a hobbit
  a cave spider
 11 gnomes
  4 jackals
  a fox
  a goblin
  2 sewer rats
  8 grid bugs
  3 lichens
  a kobold zombie
  2 newts
39 creatures vanquished.

No species were genocided or became extinct.

Game over:
                       ----------
                      /          \
                     /    REST    \
                    /      IN      \
                   /     PEACE      \
                  /                  \
                  |    DiePARTEI     |
                  |      901 Au      |
                  |   killed by a    |
                  |    gnome lord    |
                  |                  |
                  |                  |
                  |       2026       |
                 *|     *  *  *      | *
        _________)/\\_//(\/(/\)/\//\/|_)_______

Aloha DiePARTEI the Tourist...

You died in The Gnomish Mines on dungeon level 3 with 907 points,
and 901 pieces of gold, after 1416 moves.
You were level 4 with a maximum of 34 hit points when you died.

